 Dungeon Crawl Stone Soup version 0.30-a0-830-gfe289a77b0 (webtiles) character file.

Game seed: 2089366058971586568

303 porpoise the Sneak (level 6, -1/44 HPs)
             Began as a Gnoll Enchanter on Mar 1, 2023.
             Slain by a goblin
             ... wielding a +0 club
             ... led by Robin
              (3 damage)
             ... on level 4 of the Dungeon.
             The game lasted 00:13:17 (2370 turns).

porpoise the Sneak (Gnoll Enchanter)                Turns: 2370, Time: 00:13:18

Health: -1/44      AC:  8    Str:  7    XL:     6   Next: 38%
Magic:  12/14      EV: 13    Int: 17    God:
Gold:   208        SH:  0    Dex: 12    Spells: 7/15 levels left

rFire   + + .      SeeInvis .    e - +3 Elemental Staff {rElec rF++ rC++ AC+5}
rCold   + + .      Faith    .    (no shield)
rNeg    . . .      Spirit   .    b - +1 robe
rPois   .          Reflect  .    (no helmet)
rElec   +          Harm     .    (no cloak)
rCorr   .          Rampage  .    (no gloves)
Will    .....                    (no boots)
Stlth   +++                      u - amulet of the acrobat
HPRegen 0.27/turn                (no ring)
MPRegen 0.14/turn                (no ring)

@: about to teleport
A: fangs 1, strong nose, distributed training
a: no special abilities


You were on level 4 of the Dungeon.
You visited 1 branch of the dungeon, and saw 6 of its levels.

You collected 208 gold pieces.

Inventory:

Hand Weapons
 a - a +3 dagger of electrocution
 e - the +3 Elemental Staff (weapon) {rElec rF++ rC++ AC+5}
   (You acquired it on level 4 of the Dungeon)

   It enhances your fire, ice, earth and air magic.
   AC:        It affects your AC (+5).
   rF:        It greatly protects you from fire.
   rC:        It greatly protects you from cold.
   rElec:     It insulates you from electricity.
 k - a +1 dagger
Missiles
 n - 7 boomerangs (quivered)
 p - 3 javelins
Armour
 b - a +1 robe (worn)
Jewellery
 u - an amulet of the acrobat (around neck)
Scrolls
 f - a scroll of teleportation
 l - 2 scrolls of enchant armour
Potions
 c - 2 potions of invisibility
 d - a potion of curing {unknown}
 h - a potion of degeneration {unknown}
 i - 2 potions of brilliance
 s - 2 potions of heal wounds {unknown}
 t - 2 potions of magic {unknown}
 w - 3 potions of ambrosia {unknown}


   Skills:
 + Level 2.0 Fighting
 + Level 3.3 Short Blades
 + Level 2.0 Long Blades
 + Level 2.0 Axes
 + Level 2.0 Maces & Flails
 + Level 2.0 Polearms
 + Level 2.0 Staves
 + Level 2.0 Ranged Weapons
 + Level 2.0 Throwing
 + Level 2.0 Armour
 + Level 5.0 Dodging
 + Level 6.3 Stealth
 + Level 2.0 Shields
 + Level 2.0 Unarmed Combat
 + Level 5.4 Spellcasting
 + Level 1.6 Conjurations
 + Level 5.7 Hexes
 + Level 1.6 Summonings
 + Level 1.6 Necromancy
 + Level 1.6 Translocations
 + Level 1.6 Transmutations
 + Level 1.6 Fire Magic
 + Level 1.6 Ice Magic
 + Level 1.6 Air Magic
 + Level 1.6 Earth Magic
 + Level 1.6 Poison Magic
 + Level 2.2 Invocations
 + Level 2.0 Evocations


You had 7 spell levels left.
You knew the following spells:

 Your Spells              Type           Power      Damage    Failure   Level
a - Confusing Touch       Hex            23%        N/A       4%          3
e - Ensorcelled Hibernat  Hex/Ice        50%        N/A       4%          2
t - Tukima's Dance        Hex            23%        N/A       4%          3

Your spell library contained the following spells:

 Spells                   Type           Power      Damage    Failure   Level
 Dazzling Flash           Conj/Hex       34%        N/A       9%          3
 Summon Lightning Spire   Summ/Air       15%        N/A       56%         4
 Storm Form               Tmut/Air       7%         N/A       100%        7
 Maxwell's Capacitive Co  Air            7%         ∞         100%        8


Dungeon Overview and Level Annotations

Branches:
Dungeon (6/15)
 Temple: D:4-7

Altars:
Gozag
Nemelex Xobeh
Ru
Yredelemnul

Portals:
Sewer: D:4

Annotations:
D:4 Robin


Innate Abilities, Weirdness & Mutations

You have very sharp teeth.
Your uncanny sense of smell can sniff out nearby items.
Your experience applies equally to all skills.


Message History

The goblins go into a battle-frenzy!
The goblin hits you with a +0 club. The goblin hits you with a +4 dagger.
You barely miss the goblin. The goblin hits you with a +0 club.
The goblin hits you with a +4 dagger.
Casting: Confusing Touch (dangerous; 4% risk of failure)
Confirm with . or Enter, or press ? or * to list all spells.
Aiming: Ensorcelled Hibernation (safe; 4% risk of failure)
Press: ? - help, Shift-Dir - straight line, f - goblin
Aim: a goblin, wielding a +0 club (strong, chance to confuse on hit: 72%, chance to affect: 67%)
Okay, then.
The goblin attacks as you move away! The goblin completely misses you.
The goblin attacks as you move away! The goblin hits you but does no damage.
The goblin unwields a +0 club.
The goblin wields a +0 sling.
The goblin shoots a sling bullet.
The sling bullet completely misses you. The goblin hits you with a +0 club.
The goblin attacks as you move away! The goblin completely misses you.
The goblin attacks as you move away! The goblin completely misses you.
Robin throws the goblin at you!
You barely miss the goblin.
As you read the scroll of teleportation, it crumbles to dust.
You feel strangely unstable. The goblin misses you.
The goblin closely misses you. The goblin hits you with a +4 dagger.
The goblin hits you with a +0 club.
Your +3 dagger of electrocution stops crackling.
e - the +3 Elemental Staff (weapon)
{rElec rF++ rC++ AC+5} The goblin closely misses you.
The goblin hits you but does no damage. The goblin closely misses you.
The goblin hits you but does no damage.
Really read the scroll of immolation?
As you read the scroll of immolation, it crumbles to dust.
The creatures around you are filled with an inner flame!
The goblin hits you with a +0 club.
* * * LOW HITPOINT WARNING * * *
The goblin hits you but does no damage. The goblin barely misses you.
The goblin hits you with a +4 dagger.
* * * LOW HITPOINT WARNING * * *
You hit the goblin but do no damage.
The goblin appears confused.
The goblin closely misses you. The goblin hits you with a +0 club.
* * * LOW HITPOINT WARNING * * *
The goblin hits you with a +0 club.
You die...

#......#######.#
#......#.# ..
#........# ... .
###+####'####.....
#......gBg'.....
##.....g.S......
#..g.S##'##..g.
#.gggg#B~~#g...
###@#.#~~~#....
#g#.#~∩~#....
#.#.#~~~#....
#...#~~~#.##.
###.#####.#
#.......#
#######.. ##


You could see Robin (inner flame), 2 adders, 2 giant cockroaches and 8 goblins.

Vanquished Creatures
  A phantom (D:5)
  A necrophage (D:4)
  An orc priest (D:3)
  2 hounds
  3 adders
  6 orcs (D:3)
  3 ball pythons
  4 endoplasms
  4 giant cockroaches
  7 goblins
  4 hobgoblins
  5 kobolds
  3 quokkas
  A bat (D:3)
  A frilled lizard (D:2)
  5 rats
51 creatures vanquished.

Notes
Turn   | Place    | Note
-------+----------+-------------------------------------------
     0 | D:1      | porpoise the Gnoll Enchanter began the quest for the Orb.
     0 | D:1      | Reached XP level 1. HP: 13/13 MP: 6/6
   222 | D:1      | Reached XP level 2. HP: 19/19 MP: 7/7
   225 | D:1      | Learned a level 2 spell: Ensorcelled Hibernation
   806 | D:2      | Reached skill level 6 in Stealth
   806 | D:2      | Reached skill level 5 in Spellcasting
   806 | D:2      | Reached XP level 3. HP: 25/25 MP: 7/9
   828 | D:2      | Learned a level 3 spell: Confusing Touch
   832 | D:2      | Learned a level 3 spell: Tukima's Dance
   941 | D:2      | Reached skill level 1 in Invocations
  1084 | D:2      | Reached skill level 1 in Fighting
  1084 | D:2      | Reached skill level 1 in Long Blades
  1084 | D:2      | Reached skill level 1 in Axes
  1084 | D:2      | Reached skill level 1 in Maces & Flails
  1084 | D:2      | Reached skill level 1 in Polearms
  1084 | D:2      | Reached skill level 1 in Staves
  1084 | D:2      | Reached skill level 1 in Ranged Weapons
  1084 | D:2      | Reached skill level 1 in Throwing
  1084 | D:2      | Reached skill level 1 in Armour
  1084 | D:2      | Reached skill level 1 in Shields
  1084 | D:2      | Reached skill level 1 in Unarmed Combat
  1084 | D:2      | Reached skill level 1 in Evocations
  1271 | D:2      | Found a faded altar of an unknown god.
  1569 | D:3      | Reached XP level 4. HP: 27/32 MP: 8/11
  1772 | D:3      | Reached skill level 1 in Conjurations
  1772 | D:3      | Reached skill level 1 in Summonings
  1772 | D:3      | Reached skill level 1 in Necromancy
  1772 | D:3      | Reached skill level 1 in Translocations
  1772 | D:3      | Reached skill level 1 in Transmutations
  1772 | D:3      | Reached skill level 1 in Fire Magic
  1772 | D:3      | Reached skill level 1 in Ice Magic
  1772 | D:3      | Reached skill level 1 in Air Magic
  1772 | D:3      | Reached skill level 1 in Earth Magic
  1772 | D:3      | Reached skill level 1 in Poison Magic
  1857 | D:3      | Found a faded altar of an unknown god.
  1857 | D:3      | Found a sparkling altar of Nemelex Xobeh.
  1871 | D:3      | Found a sacrificial altar of Ru.
  1873 | D:3      | Found an opulent altar of Gozag.
  1874 | D:3      | Found a basalt altar of Yredelemnul.
  2077 | D:3      | You fall into a shaft and drop 3 floors!
  2085 | D:5      | Entered Level 5 of the Dungeon
  2085 | D:5      | Noticed a phantom
  2089 | D:5      | Reached XP level 5. HP: 32/37 MP: 7/12
  2106 | D:5      | Killed a phantom
  2211 | D:4      | Reached XP level 6. HP: 43/44 MP: 14/14
  2212 | D:4      | Identified a scroll of acquirement
  2212 | D:4      | Acquired the +3 Elemental Staff {rElec rF++ rC++ AC+5}
  2212 | D:4      | Found the +3 Elemental Staff {rElec rF++ rC++ AC+5}
  2305 | D:4      | Reached skill level 5 in Dodging
  2349 | D:4      | Found a glowing drain.
  2351 | D:4      | Noticed Robin
  2370 | D:4      | HP: 2/44 [goblin/+0 club[Robin] (4)]
  2370 | D:4      | Slain by a goblin

Illustrated notes

Levels and vault maps discovered:
D:1:      dpeg_arrival_pits, layout_basic, minmay_misc_feat_plants,
          kennysheep_flooded_box, chequers_serial_rivers_small_b
D:2:      layout_rooms, hellmonk_ecumenical_altar_arch_garden,
          roderic_lattice_a, minmay_misc_feat_more_columns
D:3:      layout_basic, chequers_temple_overflow_minitemple, minmay_pentangle
D:4:      layout_basic, gup_sewer_entry_glass, serial_shops, shop_statue,
          minivault_4, uniq_robin
D:5:      layout_loops_ring, mainiacjoe_overflow_small_starburst
D:6:      layout_cave_pools, overflow_temple_1_default,
          minmay_temple_entry_glass, minmay_misc_feat_x

Skill      XL: |  1  2  3  4  5  6 |
---------------+-------------------+-----
Stealth        | 6 |  6.3
Spellcasting   | 5 |  5.4
Invocations    | 1 2 |  2.2
Fighting       | 1 2 |  2.0
Long Blades    | 1 2 |  2.0
Axes           | 1 2 |  2.0
Maces & Flails | 1 2 |  2.0
Polearms       | 1 2 |  2.0
Staves         | 1 2 |  2.0
Ranged Weapons | 1 2 |  2.0
Throwing       | 1 2 |  2.0
Armour         | 1 2 |  2.0
Shields        | 1 2 |  2.0
Unarmed Combat | 1 2 |  2.0
Evocations     | 1 2 |  2.0
Conjurations   | 1 |  1.6
Summonings     | 1 |  1.6
Necromancy     | 1 |  1.6
Translocations | 1 |  1.6
Transmutations | 1 |  1.6
Fire Magic     | 1 |  1.6
Ice Magic      | 1 |  1.6
Air Magic      | 1 |  1.6
Earth Magic    | 1 |  1.6
Poison Magic   | 1 |  1.6
Short Blades   | 3 |  3.3
Dodging        | 5 |  5.0
Hexes          | |  5.7

Action                     |  1- 3 |  4- 6 || total
---------------------------+-------+-------++-------
  Melee: Dagger            |    58 |    53 ||   111
         Bite              |     4 |     2 ||     6
         Staff             |       |     1 ||     1
   Cast: Ensorcelled Hiber |     6 |     5 ||    11
         Confusing Touch   |       |     3 ||     3
    Use: Scroll            |       |    12 ||    12
   Stab: Sleeping          |    19 |    10 ||    29
         Confused          |       |     1 ||     1
 Armour: Robe              |     4 |     9 ||    13
  Dodge: Dodged            |    25 |    34 ||    59

Table legend: (Time is in decaauts)
 A = Elapsed time spent in this place.
 B = Non-inter-level travel time spent in this place.
 C = Inter-level travel time spent in this place.
 D = Time resting spent in this place.
 E = Time spent auto-exploring this place.
 F = Levels seen in this place.
 G = Mean time per level.
                   A        B        C        D        E       F      G
               +--------+--------+--------+--------+--------+-----+--------+
         Total |   2355 |   2295 |     60 |    299 |   1445 |   6 |  392.5 |
       Dungeon |   2355 |   2295 |     60 |    299 |   1445 |   6 |  392.5 |
               +--------+--------+--------+--------+--------+-----+--------+

Top non-repeatable levels by time:
     D:1: 799 daAuts
     D:2: 680 daAuts
     D:3: 588 daAuts
     D:4: 169 daAuts
     D:5: 110 daAuts
     D:6: 7 daAuts
